[Event "Late-Titled-Tuesday-Blitz-September-26-2023"]
[Site "Chess.com"]
[Date "2023.09.26"]
[Round "10"]
[White "hansen"]
[Black "Rutricks"]
[Result "1-0"]
[WhiteElo "2908"]
[BlackElo "2684"]
[TimeControl "180+1"]
[EndTime "15:50:09 PDT"]
[Termination "hansen won by checkmate"]

1. e4 g6 2. d4 Bg7 3. Nc3 c6 4. f4 d5 5. e5 f6 6. Be3 Nh6 7.
Be2 O-O 8. Qd2 fxe5 9. fxe5 Nf5 10.
Nf3 c5 11. dxc5 e6 12. Bg5 Qd7 13. O-O-O Na6 14. Bxa6 bxa6 15. g4 Ne7 16. Bf6 Bxf6 17. exf6 Rxf6 18. Ne5 Qc7 19. Qd4 Rf8 20. Rhf1 Bb7 21. b4 Nc6 22. Nxc6 Bxc6 23. Rf6 Rae8 24. Rdf1 Rxf6 25. Qxf6 e5 26. a3 d4 27. Ne2 Bb5 28. Rf2 d3 29. Nc3 e4 30. Nxe4 dxc2 31. Qd4 Qe5 32.
Nf6+ Kh8 33. Nxe8 Qxd4 34. Rf8# 1-0

[Event "Late-Titled-Tuesday-Blitz-September-26-2023"]
[Site "Chess.com"]
[Date "2023.09.26"]
[Round "10"]
[White "aNaartjieZA"]
[Black "KamlaPasand"]
[Result "0-1"]
[WhiteElo "2584"]
[BlackElo "2451"]
[TimeControl "180+1"]
[EndTime "15:50:09 PDT"]
[Termination "KamlaPasand won by resignation"]

1. e4 e5 2. Nf3 Nc6 3. Bb5 a6 4. Ba4 Nf6 5. d3 b5 6. Bb3 d6 7.
c3 Be7 8. O-O O-O 9. Nbd2 Be6 10. Re1 h6 11. Nf1 Nh5 12. Ng3 Nxg3 13. hxg3 Bxb3 14.
axb3 f5 15. exf5 Rxf5 16. d4 exd4 17. Nxd4 Nxd4 18. Qxd4 Qf8 19. Be3 d5 20. b4 Bd6 21.
Qg4 Re8 22. Bd4 Be5 23. Rad1 Bxd4 24. Qxd4 c6 25. Ra1 Rxe1+ 26. Rxe1 Rf7 27. Re6 Qc8 28. Qe5 Kh7 29. g4 Ra7 30. g5 hxg5 31. Qf5+ Kg8 32.
Qg6 Rf7 33. Rxc6 Qe8 34. Re6 Qf8 35. f3 Qd8 36. Rd6 Qe8 37. Qe6 Qxe6 38. Rxe6 Rf6 39. Rxf6 gxf6 40. Kf2 Kf7 41. Ke3 Ke6 42. Kd4 Kd6 43.
g3 f5 44. f4 g4 45. b3 Kc6 46. Ke5 Kb6 47. Kxf5 a5 48. Ke5 a4 49. bxa4 bxa4 50.
f5 a3 51. f6 a2 52. f7 a1=Q 53. f8=Q Qxc3+ 54. Kxd5 Qf3+ 55. Qxf3 gxf3 56. g4 f2 57. g5 f1=Q 58. g6 Qf6 0-1

[Event "Late-Titled-Tuesday-Blitz-September-26-2023"]
[Site "Chess.com"]
[Date "2023.09.26"]
[Round "10"]
[White "Mikhail_Bryakin"]
[Black "Berardino"]
[Result "1-0"]
[WhiteElo "2849"]
[BlackElo "2641"]
[TimeControl "180+1"]
[EndTime "15:50:13 PDT"]
[Termination "Mikhail_Bryakin won by resignation"]

1. e4 c5 2. d3 Nc6 3. g3 g6 4.
Bg2 Bg7 5. Nf3 d6 6. O-O e5 7. a4 Nge7 8. Na3 O-O 9. Nc4 h6 10. c3 Be6 11. h3 f5 12. b3 f4 13. g4 g5 14. Nh2 Ng6 15. f3 Nh4 16. Qe2 h5 17.
gxh5 Bf7 18. Ng4 Bxh5 19. Bd2 Bf6 20. Be1 Ng6 21. Bf2 Kg7 22. Rfd1 Rh8 23. Kf1 Qe7 24. b4 b6 25. b5 Nd8 26. d4 Bxg4 27. hxg4 Nf7 28.
dxc5 bxc5 29. a5 Nh4 30. b6 Rh7 31. a6 Rah8 32. b7 Nxg2 33. Kxg2 Rh2+ 34. Kf1 Qc7 35. Qd3 Qb8 36. Bg1 Rh1 37. Ra2 R8h3 38. Rg2 Rg3 39. Rxg3 fxg3 40. Nxd6 Qh8 41. Nf5+ Kg6 42. Rd2 Qh3+ 43.
Rg2 1-0

[Event "Late-Titled-Tuesday-Blitz-September-26-2023"]
[Site "Chess.com"]
[Date "2023.09.26"]
[Round "10"]
[White "snowlord"]
[Black "vova-79"]
[Result "1-0"]
[WhiteElo "2875"]
[BlackElo "2604"]
[TimeControl "180+1"]
[EndTime "15:50:16 PDT"]
[Termination "snowlord won by resignation"]

1. e4 c6 2. Nc3 d5 3. d3 dxe4 4. Nxe4 Bf5 5. h4 h6 6. g4 Bxe4 7. dxe4 Qxd1+ 8. Kxd1 Nd7 9. a4 O-O-O 10. Bd2 e6 11. f3 Bd6 12. Ke2 Be5 13. c3 Nc5 14.
Be3 Nd3 15. Rb1 Kc7 16. Nh3 b6 17. f4 Bf6 18. g5 Be7 19. b4 hxg5 20. hxg5 e5 21.
Bg2 exf4 22. Nxf4 Rxh1 23. Rxh1 Nxf4+ 24. Bxf4+ Bd6 25. e5 Re8 26. Rh8 f6 27. Rxg8 Rxg8 28. exd6+ Kd8 29. Bxc6 Rh8 30. gxf6 gxf6 31. Be3 Rh5 32.
Bd4 Rf5 33. a5 bxa5 34. Bxa7 Kc8 35. d7+ Kc7 36. Bb6+ Kxb6 37. d8=Q+ Kxc6 38. Qc8+ 1-0

[Event "Late-Titled-Tuesday-Blitz-September-26-2023"]
[Site "Chess.com"]
[Date "2023.09.26"]
[Round "10"]
[White "Beca95"]
[Black "sergeikim"]
[Result "0-1"]
[WhiteElo "2893"]
[BlackElo "2623"]
[TimeControl "180+1"]
[EndTime "15:50:18 PDT"]
[Termination "sergeikim won by resignation"]

1. e4 e5 2. Nf3 Nc6 3. d4 exd4 4. Nxd4 Bc5 5. Nb3 Bb6 6. Nc3 Nf6 7. Qe2 d6 8. Bg5 h6 9. Bh4 g5 10. Bg3 Be6 11.
O-O-O Qe7 12. f3 O-O-O 13. h4 Nh5 14. Bf2 Nf4 15. Qe1 Rhe8 16. hxg5 hxg5 17. Bxb6 axb6 18. g3 Ng6 19. Qd2 Qf6 20. Bg2 Kb8 21. Kb1 Nge5 22. Nd4 Nc4 23. Qf2 Nxd4 24. Rxd4 Ne5 25. Rhd1 Rh8 26.
f4 Nc6 27. R4d2 Bg4 28. Rf1 gxf4 29. gxf4 Be6 30. Nd5 Bxd5 31. Rxd5 Rdg8 32. Bh1 Qh6 33. Rdd1 Qh3 34. e5 dxe5 35. Bxc6 bxc6 36. fxe5 Qe6 37.
Qxf7 Qxe5 38. Qc4 Qb5 39. Qc3 Rd8 40. Rc1 Rhf8 41. Rh1 Rfe8 42. b3 Kb7 43. a4 Qd5 44.
Qf3 Qxf3 0-1

[Event "Late-Titled-Tuesday-Blitz-September-26-2023"]
[Site "Chess.com"]
[Date "2023.09.26"]
[Round "10"]
[White "Jaka_Brilej"]
[Black "ExchangeAB"]
[Result "1-0"]
[WhiteElo "2515"]
[BlackElo "2403"]
[TimeControl "180+1"]
[EndTime "15:50:19 PDT"]
[Termination "Jaka_Brilej won by resignation"]

1. e4 c6 2. d4 d5 3. e5 Bf5 4. Nf3 e6 5. Be2 Ne7 6. O-O h6 7. c3 Nd7 8. Na3 g5 9. Nc2 Bg6 10. Ne3 Bg7 11. Ne1 Nf5 12. Bd3 Nxe3 13. Bxe3 Bxd3 14. Nxd3 c5 15. f4 c4 16. Ne1 Qe7 17.
f5 f6 18. fxe6 Qxe6 19. Nf3 O-O-O 20. Qd2 f5 21. b3 Nb6 22. Qf2 Rdf8 23. Bc1 f4 24. Ba3 Rf7 25. Bc5 g4 26. Nd2 f3 27.
Bxb6 axb6 28. bxc4 Rhf8 29. cxd5 Qxd5 30. c4 Qa5 31.
gxf3 gxf3 32. Ne4 Kb8 33. Kh1 Rf4 34. Rfe1 Qa4 35. e6 Qxc4 36. e7 Rh8 37. Nd6 Qxd4 38. e8=Q+ Rxe8 39. Rxe8+ Ka7 40. Nb5+ Ka6 41. Nxd4 1-0

[Event "Late-Titled-Tuesday-Blitz-September-26-2023"]
[Site "Chess.com"]
[Date "2023.09.26"]
[Round "10"]
[White "TheMagician"]
[Black "rdarruda"]
[Result "0-1"]
[WhiteElo "2272"]
[BlackElo "2480"]
[TimeControl "180+1"]
[EndTime "15:50:20 PDT"]
[Termination "rdarruda won on time"]

1. e4 c5 2. Nf3 Nc6 3. b3 e5 4. Bb5 Nf6 5. Bxc6 bxc6 6. d3 d6 7. O-O g6 8. Nbd2 Bg7 9. Nc4 O-O 10. Bd2 Nh5 11. Ba5 Qe7 12. Re1 Be6 13. Ne3 f5 14.
exf5 gxf5 15. Nxe5 Bxe5 16. Qxh5 Bxa1 17. Rxa1 f4 18.
Nc4 Bxc4 19. bxc4 Qe5 20. Qg4+ Qg7 21. Qe6+ Kh8 22. Re1 f3 23. g3 Rf6 24. Qe7 Qxe7 25. Rxe7 Rg6 26. h4 Kg8 27. Bc3 h6 28. Kh2 Kf8 29.
Rh7 Re8 30. h5 Rg5 31. Rxh6 Re2 32. Rf6+ Ke7 33. Rxf3 Rxh5+ 34. Kg2 Rxc2 35. g4 Rh7 36.
Bf6+ Ke6 37. g5 Kf7 38. a4 Kg6 39. Re3 Rh4 40. Kg3 Rh1 0-1

[Event "Late-Titled-Tuesday-Blitz-September-26-2023"]
[Site "Chess.com"]
[Date "2023.09.26"]
[Round "10"]
[White "cthake"]
[Black "elcala"]
[Result "1-0"]
[WhiteElo "1908"]
[BlackElo "1730"]
[TimeControl "180+1"]
[EndTime "15:50:20 PDT"]
[Termination "cthake won on time"]

1. e4 d5 2. exd5 Qxd5 3. Nc3 Qd6 4. Nf3 Nf6 5. d4 Bg4 6. Be2 a6 7. O-O Nc6 8. Be3 O-O-O 9. Ne5 Bxe2 10. Qxe2 Nxe5 11. dxe5 Qxe5 12. Rad1 Rxd1 13. Rxd1 e6 14. Qd3 Bc5 15. Bxc5 Qxc5 16. Ne4 Nxe4 17. Qxe4 Qf5 18. Qd4 Qxc2 19. Qd7+ Kb8 20. Qd4 Qg6 21. g3 h5 22. h4 Qf6 23. Qd2 Rg8 24. Kg2 g5 25. hxg5 Rxg5 26. Qe3 h4 27. Kh3 hxg3 28. fxg3 Qh6+ 29. Kg2 Qf6 30. Rd2 Re5 31. Qg1 Qg5 32. Qd4 Rd5 33. Qh8+ Ka7 34. Rxd5 Qxd5+ 35. Kh3 e5 36.
Qc8 Kb6 37. Qf5 Qc5 38. Qxf7 e4 39. Qb3+ Ka7 40. Qd1 Qe7 41. Qe2 e3 42. Kg2 Qe4+ 43. Kh3 Qh7+ 44. Kg2 Qe4+ 45. Kh3 Qh7+ 46. Kg4 Qg6+ 47.
Kf4 Qf6+ 48. Kg4 1-0

[Event "Late-Titled-Tuesday-Blitz-September-26-2023"]
[Site "Chess.com"]
[Date "2023.09.26"]
[Round "10"]
[White "NotFischer"]
[Black "Lion_DL"]
[Result "1-0"]
[WhiteElo "2280"]
[BlackElo "2477"]
[TimeControl "180+1"]
[EndTime "15:50:24 PDT"]
[Termination "NotFischer won by resignation"]

1. e4 Nc6 2. f4 d5 3. e5 f6 4. Bd3 g6 5. Qe2 Bg7 6. e6 Nd4 7. Qe3 Nxe6 8. f5 gxf5 9. Bxf5 Ng5 10. Bd3 e5 11. Qe2 Be6 12. h4 Nf7 13. c3 Qd7 14. Nh3 O-O-O 15. Nf2 Ngh6 16. Na3 Ng4 17. Nxg4 Bxg4 18. Qf2 Kb8 19. Bc2 d4 20. d3 Nd6 21.
O-O f5 22. cxd4 exd4 23. Bd1 Be5 24. Bf4 Qg7 25. Bxe5 Qxe5 26. Bf3 Rhe8 27. Rfe1 Qa5 28. Nc4 Nxc4 29. dxc4 d3 30. Rxe8 Rxe8 31. Rd1 Rd8 32. Qe3 d2 33. Bxg4 fxg4 34. Qe7 Qb6+ 35. c5 Qf6 36. Qxf6 1-0

[Event "Late-Titled-Tuesday-Blitz-September-26-2023"]
[Site "Chess.com"]
[Date "2023.09.26"]
[Round "10"]
[White "jaskol95"]
[Black "ljm509"]
[Result "1-0"]
[WhiteElo "2622"]
[BlackElo "2355"]
[TimeControl "180+1"]
[EndTime "15:50:25 PDT"]
[Termination "jaskol95 won on time"]

1. d4 Nf6 2. Nc3 d5 3. Bf4 a6 4.
e3 e6 5. a3 c5 6. Nf3 Nc6 7. Ne5 Qb6 8. Nxc6 bxc6 9. dxc5 Qxc5 10. Bd3 Be7 11. O-O a5 12. Qf3 O-O 13. Be5 Nd7 14. Na4 Qa7 15. Bc3 e5 16. e4 d4 17. Bd2 Ba6 18. b3 Bb5 19. Nb2 a4 20. bxa4 Bxa4 21. Qg4 Nf6 22. Qg3 Qc7 23. Nc4 Nd7 24.
f4 f6 25. fxe5 fxe5 26. Bh6 Rxf1+ 27. Rxf1 g6 28. Qg4 Nf8 29. Bxf8 Bxf8 30. Qe6+ 1-0

[Event "Late-Titled-Tuesday-Blitz-September-26-2023"]
[Site "Chess.com"]
[Date "2023.09.26"]
[Round "10"]
[White "KaydenTroffChess"]
[Black "Rital44"]
[Result "1-0"]
[WhiteElo "2757"]
[BlackElo "2514"]
[TimeControl "180+1"]
[EndTime "15:50:29 PDT"]
[Termination "KaydenTroffChess won by resignation"]

1. d4 g6 2. c4 Bg7 3. Nc3 d6 4. e4 Nc6 5. Nf3 Bg4 6. d5 Nd4 7. Be2 Nxe2 8. Nxe2 Bxf3 9. gxf3 Qd7 10. h4 h5 11. Be3 Nf6 12. Qd2 c6 13. Rc1 a6 14.
Kf1 c5 15. b4 cxb4 16. Qxb4 O-O 17. c5 dxc5 18. Bxc5 Rfc8 19. Kg2 a5 20. Qb3 Ne8 21.
Rc2 Bf6 22. Rhc1 Bxh4 23. Be3 Bf6 24. Nf4 h4 25. Nd3 h3+ 26. Kh2 e5 27. dxe6 fxe6 28.
Nf4 Kf7 29. Rd2 Qe7 30. Rcd1 Rc7 31. Bc5 Be5 32. Bxe7 Bxf4+ 33. Kxh3 Rxe7 34. Rd7 Nf6 35. Rxe7+ Kxe7 36. Qxb7+ 1-0

[Event "Late-Titled-Tuesday-Blitz-September-26-2023"]
[Site "Chess.com"]
[Date "2023.09.26"]
[Round "10"]
[White "Saif_Malek04"]
[Black "EsmeraldasAnderson03"]
[Result "0-1"]
[WhiteElo "2553"]
[BlackElo "2445"]
[TimeControl "180+1"]
[EndTime "15:50:35 PDT"]
[Termination "EsmeraldasAnderson03 won by checkmate"]

1. e4 c5 2. Nf3 d6 3. d4 cxd4 4. Nxd4 Nf6 5. c3 a6 6. Bd3 e5 7. Ne2 Be7 8. O-O O-O 9. f4 Nc6 10. Qe1 exf4 11. Nxf4 Ne5 12. Bc2 b5 13. Qg3 Bb7 14. Nd5 Nxd5 15. exd5 Bxd5 16. Bh6 Ng6 17. Be3 Re8 18. Nd2 Bh4 19. Qh3 Be6 20. Bf5 Bxf5 21.
Rxf5 Qd7 22. Bd4 Re2 23. Nf3 Bd8 24. Rf1 h6 25. Bxg7 Kxg7 26. Nd4 Re7 27. Qf3 Rc8 28. Rh5 Bb6 29. Qf6+ Kh7 30. Rf4 Bxd4+ 31. Rxd4 Re1+ 32.
Kf2 Qe6 33. Rxh6+ Kg8 34. Qf3 Re8 35. g3 Qe2+ 36. Qxe2 R8xe2+ 37. Kf3 Ne5+ 38. Kf4 Rf1+ 39. Kg5 Nf3+ 40. Kg4 Nxd4 41. cxd4 Re4+ 42. Kg5 Rxd4 43. h3 Kg7 44. g4 Rd5+ 45. Kh4 Kxh6 46. b4 Rf3 47. a4 Rdd3 48. g5+ Kg6 49. axb5 Rf4# 0-1

[Event "Late-Titled-Tuesday-Blitz-September-26-2023"]
[Site "Chess.com"]
[Date "2023.09.26"]
[Round "10"]
[White "Arteler"]
[Black "krzyzan94"]
[Result "1-0"]
[WhiteElo "2605"]
[BlackElo "2774"]
[TimeControl "180+1"]
[EndTime "15:50:36 PDT"]
[Termination "Arteler won by checkmate"]

1. e4 c6 2. Nc3 d5 3. Qf3 e6 4. d4 dxe4 5. Nxe4 Nd7 6. Bd3 Ngf6 7. Ne2 Nxe4 8. Qxe4 Nf6 9. Qh4 Be7 10. Bg5 h6 11. O-O-O Qd5 12. f4 Qxa2 13. g4 Bd7 14.
Bxf6 Bxf6 15. g5 Be7 16. Kd2 O-O-O 17. Ra1 Qd5 18. c4 Bb4+ 19. Kc2 Qf3 20. Rhf1 Qe3 21.
Qg3 Qxg3 22. hxg3 a5 23. g6 f5 24. Ng1 Be8 25. Nf3 Bxg6 26. Rh1 Bf7 27. c5 Rhf8 28. Rad1 Kc7 29. Bc4 b6 30. cxb6+ Kxb6 31. Ne5 Bg8 32. Ng6 Rfe8 33. Ne5 Rd6 34. Be2 Kc7 35. Bf3 Red8 36. Rc1 Rxd4 37. Nxc6 Rd2+ 38. Kb1 Kb6 39. Nxd8 Rxd8 40. Rc6+ Kb5 41. Rhc1 e5 42. Be2+ Ka4 43.
fxe5 Rd2 44. R1c2 Rd4 45. e6 Re4 46. b3+ Kxb3 47. Bd1 Re1 48. Rb2+ Ka3 49. Ra2# 1-0

[Event "Late-Titled-Tuesday-Blitz-September-26-2023"]
[Site "Chess.com"]
[Date "2023.09.26"]
[Round "10"]
[White "brm72"]
[Black "djano"]
[Result "0-1"]
[WhiteElo "2511"]
[BlackElo "2651"]
[TimeControl "180+1"]
[EndTime "15:50:37 PDT"]
[Termination "djano won by resignation"]

1. e4 c5 2. Nf3 Nc6 3. Bb5 e5 4. O-O Nge7 5. c3 g6 6. d4 cxd4 7. cxd4 exd4 8. Bf4 Bg7 9. Na3 a6 10. Ba4 b5 11. Bb3 d5 12. exd5 Nxd5 13. Re1+ Nce7 14. Bg5 f6 15. Qxd4 Bb7 16. Rad1 O-O 17. Rxe7 Qxe7 18.
Bxd5+ Bxd5 19. Qxd5+ Kh8 20. Be3 Rad8 21. Qb3 Rxd1+ 22.
Qxd1 Rd8 23. Qe2 Qe6 24. b3 f5 25. g3 f4 26. Ng5 Qe7 27. gxf4 h6 28. Nc2 hxg5 29.
fxg5 Qe4 30. Ne1 Rd5 31. Qf1 Qg4+ 32. Qg2 Qxg2+ 33. Kxg2 Rd1 34. Nc2 Rb1 35. Bb6 Rb2 36. Nb4 Kg8 37. Nxa6 Rxa2 38. Nc7 b4 39. Bc5 Rc2 40. Ne6 Kf7 41. Bd4 Bxd4 42. Nxd4 Rc3 43. h4 Rd3 44. Nc6 Rxb3 45. Ne5+ Kg7 46. f4 Rc3 47. f5 gxf5 48. h5 b3 49. h6+ Kh7 50.
Nd7 b2 51. Nf6+ Kg6 52. h7 Kg7 53. g6 b1=Q 54. h8=Q+ Kxh8 55. g7+ Kxg7 0-1

[Event "Late-Titled-Tuesday-Blitz-September-26-2023"]
[Site "Chess.com"]
[Date "2023.09.26"]
[Round "10"]
[White "SpeedofLight0"]
[Black "Korchmar_Vasiliy"]
[Result "1-0"]
[WhiteElo "3043"]
[BlackElo "2702"]
[TimeControl "180+1"]
[EndTime "15:50:39 PDT"]
[Termination "SpeedofLight0 won on time"]

1. d4 Nf6 2. c4 e6 3. Nc3 d5 4. cxd5 exd5 5. Bg5 Be7 6. e3 h6 7. Bh4 Bg4 8. Qc2 O-O 9. Bd3 c5 10. dxc5 d4 11. exd4 Qxd4 12. h3 Nc6 13. Qd2 Be6 14. Nf3 Qxc5 15. O-O Rad8 16. Qe2 Nb4 17. Bxf6 Bxf6 18.
Ne4 Qe7 19. Nxf6+ Qxf6 20. Be4 Rfe8 21. Qb5 Nd5 22. Qxb7 Nf4 23. Rfe1 Rb8 24. Qxa7 Rxb2 25. a4 Re2 26. Qa6 Nxh3+ 27. gxh3 Rxe4 28. Rxe4 Qxa1+ 29. Kh2 Qf6 30. Re3 Qf4+ 31. Kg2 Rd8 32. Qb6 Rd6 33. Qb8+ Kh7 34. Rd3 Bxh3+ 35. Kh1 1-0

[Event "Late-Titled-Tuesday-Blitz-September-26-2023"]
[Site "Chess.com"]
[Date "2023.09.26"]
[Round "10"]
[White "JoseRemolar"]
[Black "Orest_Vovk"]
[Result "0-1"]
[WhiteElo "2422"]
[BlackElo "2584"]
[TimeControl "180+1"]
[EndTime "15:50:42 PDT"]
[Termination "Orest_Vovk won on time"]

1. e4 g5 2. Nc3 Bg7 3. Nge2 c5 4. Ng3 d6 5. Nh5 Be5 6. d3 h6 7. Be2 Nf6 8. Be3 Nxh5 9. Bxh5 Nc6 10. Qd2 Be6 11.
h4 Qb6 12. O-O-O Nb4 13. d4 Bg7 14. a3 cxd4 15. Bxd4 Qxd4 16. Qxd4 Bxd4 17. Rxd4 Nc6 18. Rd2 g4 19. f4 gxf3 20. gxf3 Rg8 21. f4 Kf8 22. f5 Bc4 23. b3 Ba6 24. Nd5 Rc8 25. Rh3 Rg1+ 26. Kb2 Ne5 27. c4 b5 28. Nb4 Bb7 29.
cxb5 Bxe4 30. Bd1 Bxf5 31. Rc3 Rb8 32. a4 Be6 33. Na6 Rd8 34. a5 Bf5 0-1

[Event "Late-Titled-Tuesday-Blitz-September-26-2023"]
[Site "Chess.com"]
[Date "2023.09.26"]
[Round "10"]
[White "DeArron_Fox"]
[Black "Shuvalov"]
[Result "1-0"]
[WhiteElo "2482"]
[BlackElo "2463"]
[TimeControl "180+1"]
[EndTime "15:50:42 PDT"]
[Termination "DeArron_Fox won by checkmate"]

1. d4 Nf6 2. c4 g6 3. Nc3 d5 4. cxd5 Nxd5 5. e4 Nxc3 6. bxc3 Bg7 7. Be3 c5 8. Qd2 Qa5 9. Nf3 O-O 10. Rc1 Nd7 11. d5 Nf6 12. c4 Qxd2+ 13. Nxd2 b6 14. f3 e6 15. Kf2 Ne8 16. Be2 f5 17. exf5 gxf5 18. Bf4 e5 19. Bg5 Rf7 20. Rhe1 Nd6 21.
Kg1 Bd7 22. Bd3 Re8 23. Re2 Bc8 24. Rce1 Ba6 25. g4 fxg4 26. fxg4 e4 27. Nxe4 Nxe4 28. Rxe4 Rxe4 29. Rxe4 Bd4+ 30. Kh1 Rf3 31. Re8+ Kf7 32. Re7+ Kf8 33. Bxh7 Bxc4 34. Rd7 Bf1 35. Bg6 Bh3 36.
Bh6+ Kg8 37. Rd8+ Rf8 38. Rxf8# 1-0

[Event "Late-Titled-Tuesday-Blitz-September-26-2023"]
[Site "Chess.com"]
[Date "2023.09.26"]
[Round "10"]
[White "kai_nov"]
[Black "vanyakuba"]
[Result "1-0"]
[WhiteElo "2277"]
[BlackElo "2373"]
[TimeControl "180+1"]
[EndTime "15:50:44 PDT"]
[Termination "kai_nov won by resignation"]

1. d4 d5 2. c4 e6 3. Nc3 c5 4. cxd5 cxd4 5. Qxd4 Nc6 6. Qd1 exd5 7. Qxd5 Bd7 8. Nf3 Nf6 9. Qd3 Nb4 10. Qb1 Qc8 11. e4 Bc5 12. Be2 O-O 13. O-O Re8 14. Bg5 Nxe4 15. Nxe4 Bf5 16. Nfd2 Qe6 17. Bf3 Qg6 18.
Bf4 Nd5 19. Bg3 Bb4 20. Qd3 Rad8 21. Qb3 Bxe4 22. Nxe4 Rxe4 23. Bxe4 Qxe4 24. Rad1 h5 25. h4 g5 26. a3 Ba5 27. Qb5 Bb6 28. Rfe1 Qf5 29.
Qd3 Qf6 30. Qf3 Qg6 31. Rxd5 Rf8 32. Rxg5 Kh7 33. Rxg6 Kxg6 34. Qe4+ Kg7 35. Rd1 f6 36. Rd7+ Kg8 37. Qe7 1-0

[Event "Late-Titled-Tuesday-Blitz-September-26-2023"]
[Site "Chess.com"]
[Date "2023.09.26"]
[Round "10"]
[White "dedpihto_v_kozhanom_palto"]
[Black "GianmarcoVaR"]
[Result "0-1"]
[WhiteElo "2690"]
[BlackElo "2634"]
[TimeControl "180+1"]
[EndTime "15:50:50 PDT"]
[Termination "GianmarcoVaR won on time"]

1. c4 a6 2. Nc3 b5 3. d4 Nf6 4. e4 b4 5. Nd5 Nxe4 6. Qf3 c6 7. Qxe4 cxd5 8. cxd5 Bb7 9. Nf3 e6 10. Bc4 Be7 11. O-O O-O 12. Bf4 a5 13. Rac1 Re8 14. Qb1 Bf6 15. Rfe1 Bxd5 16. Bc7 Qxc7 17. Bxd5 Nc6 18.
Be4 h6 19. d5 exd5 20. Bxd5 Rxe1+ 21. Rxe1 Rc8 22. Qg6 d6 23. Rc1 Qd7 24. Qh5 Nd8 25. Re1 Rc5 26. Rd1 Ne6 27. g3 Nc7 28. h4 Nxd5 29.
Rxd5 Qc6 30. Rxc5 dxc5 31. b3 a4 32. Qg4 c4 33. bxc4 b3 34. axb3 axb3 35. Nd2 b2 36. Qf4 Qb7 37. Nb1 Qb3 38. Qe4 Qd1+ 39. Kg2 Qc1 0-1

[Event "Late-Titled-Tuesday-Blitz-September-26-2023"]
[Site "Chess.com"]
[Date "2023.09.26"]
[Round "10"]
[White "wild3000"]
[Black "ozates"]
[Result "0-1"]
[WhiteElo "2356"]
[BlackElo "2542"]
[TimeControl "180+1"]
[EndTime "15:50:50 PDT"]
[Termination "ozates won on time"]

1. d4 f5 2. e4 fxe4 3. f3 exf3 4. Nxf3 Nf6 5. Bg5 e6 6. Bd3 Be7 7. O-O O-O 8. c4 Qe8 9. Nc3 d6 10. Qe2 Nc6 11. a3 Qh5 12. d5 exd5 13. cxd5 Ne5 14.
Bxf6 Bxf6 15. Nxe5 Qxe5 16. Qxe5 dxe5 17. Nb5 Rf7 18. Bc4 a6 19. Nc3 b5 20. Bb3 Kh8 21. Ne4 Bb7 22. d6 Rff8 23. Nc5 Bc6 24. dxc7 Rfc8 25.
Ne6 a5 26. Rac1 Bd7 27. Bd5 Ra7 28. Rfd1 h6 29. Ba2 Bxe6 30. Bxe6 Rcxc7 31. Bf5 Bg5 32. Rxc7 Rxc7 33. Bg6 Rc1 34. Rxc1 Bxc1 35. Be8 Bxb2 36.
Bxb5 Bxa3 37. Kf2 g6 38. Kf3 Kg7 39. Ke4 Kf6 40. Ba4 Ke6 41. Be8 g5 42. g4 Bb2 43.
Ba4 Kd6 44. Kd3 Kc5 45. Kc2 Bd4 46. Kd3 Kb4 47. Bd7 a4 48. Be6 Ka3 49. Kc2 e4 50.
Bc4 e3 51. Kd3 Bc5 52. Kc2 Kb4 53. Bd3 a3 54. Bf5 Bd4 55. Be6 Kc5 56. Kd3 Kd6 57.
Bb3 Ke5 58. h3 Kf4 0-1

[Event "Late-Titled-Tuesday-Blitz-September-26-2023"]
[Site "Chess.com"]
[Date "2023.09.26"]
[Round "10"]
[White "DvaHrasta"]
[Black "Mesa_1"]
[Result "0-1"]
[WhiteElo "2509"]
[BlackElo "2634"]
[TimeControl "180+1"]
[EndTime "15:50:51 PDT"]
[Termination "Mesa_1 won on time"]

1. c4 Nf6 2. g3 g6 3. Bg2 Bg7 4. Nc3 O-O 5. Nf3 d6 6. O-O Nc6 7. d3 e5 8. Rb1 a5 9. a3 h6 10. b4 axb4 11. axb4 Be6 12. b5 Ne7 13. e4 Qd7 14. Nd5 Nfxd5 15. cxd5 Bh3 16. b6 Bxg2 17. Kxg2 c6 18. dxc6 Nxc6 19. Be3 d5 20. Qb3 Rfd8 21. Rfc1 d4 22. Bd2 Bf8 23. Qb5 Ra2 24. Be1 Qe6 25.
h4 Rda8 26. Qd5 Qe8 27. h5 g5 28. Nd2 Nb4 29. Qc4 Nc6 30. Nf3 R8a4 31. Qd5 R2a3 32.
Qb5 Bd6 33. Nh2 Qe6 34. f3 Ra2+ 35. Bf2 Ra5 36. Qc4 Qd7 37. Ng4 Kg7 38. Rc2 R2a4 39. Qb3 Rb4 40. Qxb4 Bxb4 41. Rcb2 Bc3 42. Rb5 Ra2 43. Rd5 Qe6 44. Rbb5 Be1 45. Kf1 Bxf2 46. Nxf2 Qf6 47. Kg2 g4 48. fxg4 Qxf2+ 0-1

[Event "Late-Titled-Tuesday-Blitz-September-26-2023"]
[Site "Chess.com"]
[Date "2023.09.26"]
[Round "10"]
[White "egnfanclub"]
[Black "Fan_Of_Chucky"]
[Result "0-1"]
[WhiteElo "2404"]
[BlackElo "2517"]
[TimeControl "180+1"]
[EndTime "15:50:51 PDT"]
[Termination "Fan_Of_Chucky won on time"]

1. e4 c5 2. Nc3 d6 3. f4 g6 4. Nf3 Bg7 5. Bb5+ Nc6 6. O-O Bd7 7.
d3 e6 8. Qe1 Nge7 9. Bxc6 Bxc6 10. a4 O-O 11. Qh4 d5 12. Ne5 Qc7 13. Nb5 Bxb5 14.
axb5 dxe4 15. dxe4 f6 16. Nf3 a6 17. bxa6 Rxa6 18.
Rxa6 bxa6 19. Be3 Qc6 20. Qf2 Qxe4 21. Bxc5 Re8 22. Re1 Qd5 23. b3 Nf5 24. c4 Qd3 25. Qa2 Bh6 26. Qxa6 Bxf4 27. Rxe6 Qd1+ 28. Kf2 Qc2+ 29.
Kg1 Qd1+ 30. Kf2 Rd8 31. Re2 Qxb3 32. Qe6+ Kg7 33. Be7 Rd6 34. Bxf6+ Kh6 35. Qe4 Rxf6 36. Qxf4+ Kg7 37. Qc7+ Kg8 38. Qd8+ Rf8 39. Qd5+ Kg7 0-1

[Event "Late-Titled-Tuesday-Blitz-September-26-2023"]
[Site "Chess.com"]
[Date "2023.09.26"]
[Round "10"]
[White "Hrant_ChessMood"]
[Black "DonkyDonkyDonkey"]
[Result "1-0"]
[WhiteElo "2915"]
[BlackElo "2749"]
[TimeControl "180+1"]
[EndTime "15:50:53 PDT"]
[Termination "Hrant_ChessMood won by resignation"]

1. d4 Nf6 2. c4 e6 3. Bf4 d5 4. e3 Bd6 5. Nh3 O-O 6. Nc3 Re8 7.
Rc1 c6 8. Be2 e5 9. dxe5 Bxe5 10. Bxe5 Rxe5 11. Nf4 Bf5 12. O-O Nbd7 13. cxd5 cxd5 14. Ncxd5 Nxd5 15. Nxd5 Nb6 16. Nc7 Rc8 17.
Qxd8+ Rxd8 18. Rfd1 Rxd1+ 19. Rxd1 h6 20. Nb5 Rc5 21.
Nd4 Be4 22. b3 Nd5 23. Kf1 b6 24. Bc4 Nc3 25. Rd2 Nb1 26. Rd1 Nc3 27. Ra1 b5 28. Be2 a5 29. f3 Bb7 30. a3 Bd5 31. e4 Be6 32. b4 axb4 33. axb4 Nxe2 34. Kxe2 Rc4 35.
Ra8+ Kh7 36. Nxe6 fxe6 37. Re8 Rxb4 38. Rxe6 Rb2+ 39. Kf1 b4 40. Rb6 b3 41. h4 h5 42.
Kg1 Kg8 43. Kh2 Rb1 44. Kg3 b2 45. Kf4 Kf7 46. Kg5 g6 47. Rb5 Kg7 48. Rb7+ Kf8 49. Kxg6 Ke8 50. Kxh5 Kd8 51. g4 Kc8 52. Rb3 Kd7 53. g5 Ke6 54. g6 Ke5 55. g7 Rg1 56. Rxb2 Rxg7 57. Rb5+ Kd4 58. Rf5 Rg8 59. Kh6 Ke3 60.
h5 Rg3 61. Kh7 Kd4 62. h6 Rg1 63. Kh8 Rg3 64. h7 Rg1 65. Rf7 Ke5 66. Rg7 Ra1 67. Kg8 Ra8+ 68. Kf7 Ra7+ 69. Kg6 Ra6+ 70. Kg5 Ra1 71.
f4+ Kxe4 72. h8=Q Rg1+ 73. Kf6 1-0

[Event "Late-Titled-Tuesday-Blitz-September-26-2023"]
[Site "Chess.com"]
[Date "2023.09.26"]
[Round "10"]
[White "Pedrada88"]
[Black "RIPOL"]
[Result "0-1"]
[WhiteElo "2548"]
[BlackElo "2431"]
[TimeControl "180+1"]
[EndTime "15:50:53 PDT"]
[Termination "RIPOL won on time"]

1. Nf3 d5 2. e3 a6 3. b3 c5 4. Bb2 Nc6 5. d4 cxd4 6. exd4 Bg4 7. Be2 e6 8. h3 Bh5 9. O-O Bd6 10. Ne5 Bxe2 11.
Qxe2 Nge7 12. Nd2 O-O 13. Ndf3 Rc8 14. c4 Bxe5 15. dxe5 dxc4 16. Rfd1 Qb6 17. bxc4 Nf5 18. g4 Nfe7 19. Rab1 Qa5 20. Qe4 Rfd8 21. Ng5 Ng6 22. h4 Qxa2 23. Rxd8+ Rxd8 24. h5 Nf8 25. Bc3 h6 26. Nf3 Qa3 27. Rxb7 Qxc3 28. Qxc6 Qc1+ 29. Kg2 Qf4 30. Nh2 Rd2 31. Qf3 Qxf3+ 32. Nxf3 Rc2 33. Rc7 a5 34. Nd4 Rc3 35. Nb5 Rc2 36. Nd6 a4 37. Nxf7 a3 38. Nd6 a2 39. Ra7 Nd7 40. Nb5 Nc5 41. Nd4 Rd2 42. Nf3 Rb2 43. Ne1 Nb3 44.
Nd3 Rd2 45. Ra8+ Kh7 46. g5 hxg5 0-1